 Dungeon Crawl Stone Soup version 0.21.1-1-g345015f (webtiles) character file.

128 tidbits the Grave Robber (level 5, 17/37 HPs)
             Began as a Gnoll Necromancer on June 29, 2018.
             Quit the game on level 3 of the Dungeon.
             The game lasted 00:05:06 (398 turns).

tidbits the Grave Robber (Gnoll Necromancer)         Turns: 398, Time: 00:05:07

Health: 17/37      AC:  3    Str: 11    XL:     5   Next: 11%
Magic:  10/12      EV: 13    Int: 18    God:
Gold:   44         SH:  2    Dex: 15    Spells: 6/14 levels left

rFire    . . .     SeeInvis .   n - +0 morningstar
rCold    . . .     Gourm    .   (no shield)
rNeg     . . .     Faith    .   e - +0 robe
rPois    .         Spirit   .   E - +0 helmet
rElec    .         Reflect  +   (no cloak)
rCorr    .         Harm     .   (no gloves)
MR       .....                  (no boots)
Stlth    ++........             q - +2 amulet of reflection
HPRegen  0.12/turn              (no ring)
MPRegen  0.13/turn              (no ring)

@: heavily drained
A: distributed training, fangs 1, strong nose
a: no special abilities


You were on level 3 of the Dungeon.
You were not hungry.

You visited 1 branch of the dungeon, and saw 3 of its levels.

You collected 44 gold pieces.

Inventory:

Hand Weapons
 a - a +0 dagger
 k - a +0 spear
 l - a +1 dagger of draining
   (You took it off a wight on level 2 of the Dungeon)
 n - a +0 morningstar (weapon)
Armour
 e - a +0 robe (worn)
 r - a +0 pair of boots
 E - a +0 helmet (worn)
Jewellery
 q - a +2 amulet of reflection (around neck)
   (You found it on level 2 of the Dungeon)
Wands
 o - a wand of iceblast (3)
Scrolls
 f - a scroll of fog {unknown}
 g - a scroll of teleportation {unknown}
 h - 2 scrolls of amnesia {unknown}
 m - a scroll of identify {unknown}
 p - a scroll of enchant armour {unknown}
Potions
 d - a potion of agility {unknown}
 i - a potion of heal wounds
 j - a potion of mutation {unknown}
Books
 b - a book of Necromancy

   Spells                             Type                      Level
   a - Pain                           Necromancy                   1
   b - Animate Skeleton               Necromancy                   1
   c - Vampiric Draining              Necromancy                   3
   d - Regeneration                   Charms/Necromancy            3
   e - Animate Dead                   Necromancy                   4
   f - Borgnjor's Vile Clutch         Necromancy/Earth             5
Comestibles
 c - 4 rations


   Skills:
 + Level 1.3(0.0) Fighting
 + Level 1.3(0.0) Short Blades
 + Level 1.3(0.0) Long Blades
 + Level 1.3(0.0) Axes
 + Level 1.3(0.0) Maces & Flails
 + Level 1.3(0.0) Polearms
 + Level 1.3(0.0) Staves
 + Level 1.3(0.0) Slings
 + Level 1.3(0.0) Bows
 + Level 1.3(0.0) Crossbows
 + Level 1.3(0.0) Throwing
 + Level 1.3(0.0) Armour
 + Level 4.7(3.3) Dodging
 + Level 4.3(2.9) Stealth
 + Level 1.3(0.0) Shields
 + Level 1.3(0.0) Unarmed Combat
 + Level 5.1(3.7) Spellcasting
 + Level 1.1(0.0) Conjurations
 + Level 1.1(0.0) Hexes
 + Level 1.1(0.0) Charms
 + Level 1.1(0.0) Summonings
 + Level 7.1(5.6) Necromancy
 + Level 1.1(0.0) Translocations
 + Level 1.1(0.0) Transmutations
 + Level 1.1(0.0) Fire Magic
 + Level 1.1(0.0) Ice Magic
 + Level 1.1(0.0) Air Magic
 + Level 1.1(0.0) Earth Magic
 + Level 1.1(0.0) Poison Magic
 + Level 1.5(0.2) Invocations
 + Level 1.3(0.0) Evocations


You had 6 spell levels left.
You knew the following spells:

 Your Spells              Type           Power        Failure   Level  Hunger
a - Pain                  Necr           ###.         1%          1    None
d - Vampiric Draining     Necr           ###.......   4%          3    ###....
n - Animate Skeleton      Necr           N/A          1%          1    None
r - Regeneration          Chrm/Necr      ##........   14%         3    ###....


Dungeon Overview and Level Annotations

Branches:
Dungeon (3/15)

Altars:


Innate Abilities, Weirdness & Mutations

Your experience applies equally to all skills.
You have very sharp teeth.
Your uncanny sense of smell can sniff out nearby items.


Message History

Unknown command.
You hit the wight but do no damage. You bite the wight, but do no damage.
The wight is moderately damaged.
Your skin is crawling a little less now.
The wight hits you but does no damage.
You feel drained. You block the wight's attack.
You closely miss the wight.
The wight is moderately damaged.
The wight completely misses you.
You closely miss the wight.
The wight is moderately damaged.
You block the wight's attack.
The wight hits you with a dagger of draining.
You feel drained.
You hit the wight.
The wight is moderately damaged.
The wight closely misses you.
You closely miss the wight. Your bite misses the wight.
The wight is moderately damaged.
Your skin stops crawling.
The wight closely misses you.
You hit the wight.
The wight is moderately damaged.
The wight hits you with a dagger of draining.
You feel drained.
The wight hits you with a dagger of draining!
You feel drained. x2
Evoke which item? (* to show all) (? for menu, Esc to quit)
Aiming: Iceblast
Press: ? - help, Shift-Dir - straight line, p - wight The mass of ice explodes!
The iceblast engulfs the wight.
The wight partially resists.
The wight is severely damaged.
You hear an angry hiss.
You hear a shout!
The wight barely misses you.
Evoke which item? (* to show all) (? for menu, Esc to quit)
Aiming: Iceblast
Press: ? - help, Shift-Dir - straight line The mass of ice explodes!
The iceblast engulfs the wight.
The wight partially resists.
The wight is almost destroyed.
The wight hits you with a dagger of draining.
* * * LOW HITPOINT WARNING * * *
You feel drained. x2
* * * LOW HITPOINT WARNING * * *
Evoke which item? (* to show all) (? for menu, Esc to quit)
Aiming: Iceblast
Press: ? - help, Shift-Dir - straight line The mass of ice explodes!
The iceblast engulfs the wight.
The wight partially resists.
You destroy the wight!
Your base Conjurations skill increases to level 1!
Your base Hexes skill increases to level 1!
Your base Charms skill increases to level 1!
Your base Summonings skill increases to level 1!
Your base Translocations skill increases to level 1!
Your base Transmutations skill increases to level 1!
Your base Fire Magic skill increases to level 1!
Your base Ice Magic skill increases to level 1!
Your base Air Magic skill increases to level 1!
Your base Earth Magic skill increases to level 1!
Your base Poison Magic skill increases to level 1!
You have reached level 5!
Press: ? - help, v - describe, . - travel, g - get item A dagger of draining.
There is something else lying underneath.
The floor.
Things that are here:
a dagger of draining; a robe
l - a dagger of draining You see here a ration.
c - 4 rations (gained 1)
Found 7 gold pieces.
You found a shaft!
Found a ration.
Unknown command.
There is a shaft here.
You fall through a shaft!
The shaft crumbles and collapses.
An adder comes into view.
The adder hisses angrily.
Found 8 stones and 9 gold pieces.
Found an escape hatch in the ceiling.
Found a stone staircase leading up.
Casting: Regeneration
Confirm with . or Enter, or press ? or * to list all spells.
Aiming: Pain
Press: ? - help, Shift-Dir - straight line, f - adder
Aim: an adder (chance to defeat MR: 88%)
The adder writhes in agony!
Casting: Pain
Confirm with . or Enter, or press ? or * to list all spells.
Aiming: Pain
Press: ? - help, Shift-Dir - straight line, f/p - adder
Aim: an adder (heavily wounded, chance to defeat MR: 88%)
The adder writhes in agony!
You kill the adder!
A bat comes into view.
A goblin comes into view. It is wielding a club.
Found a stone staircase leading down.
Are you sure you want to abandon this character and quit the game? (Confirm with "yes".)

#..(..........
#..<.......#
#<.........#
#.......#.##
#....##.#.
##...##....
#$.......#...
#....###....#.
#@.### #......
#.......>......#
...............
..
.............#.
...........b...
...............
∆
...............
.....g.........


You could see a goblin (sleeping) and a bat (sleeping).

Vanquished Creatures
  2 wights (D:2)
  A gnoll (D:1)
  An adder (D:3)
  An ooze (D:1)
  3 leopard geckos
  3 goblins (D:1)
  2 hobgoblins (D:1)
  2 jackals (D:1)
  2 bats (D:1)
  A kobold (D:1)
  2 rats
20 creatures vanquished.

Notes
Turn   | Place    | Note
-------+----------+-------------------------------------------
     0 | D:1      | tidbits the Gnoll Necromancer began the quest for the Orb.
     0 | D:1      | Reached XP level 1. HP: 13/13 MP: 6/6
    95 | D:1      | Reached XP level 2. HP: 11/19 MP: 0/7
   164 | D:1      | Learned a level 1 spell: Animate Skeleton
   247 | D:1      | Reached skill level 5 in Spellcasting
   247 | D:1      | Reached XP level 3. HP: 21/25 MP: 3/9
   252 | D:1      | Learned a level 3 spell: Regeneration
   256 | D:1      | Learned a level 3 spell: Vampiric Draining
   308 | D:2      | Reached skill level 1 in Fighting
   308 | D:2      | Reached skill level 1 in Short Blades
   308 | D:2      | Reached skill level 1 in Long Blades
   308 | D:2      | Reached skill level 1 in Axes
   308 | D:2      | Reached skill level 1 in Maces & Flails
   308 | D:2      | Reached skill level 1 in Polearms
   308 | D:2      | Reached skill level 1 in Staves
   308 | D:2      | Reached skill level 1 in Slings
   308 | D:2      | Reached skill level 1 in Bows
   308 | D:2      | Reached skill level 1 in Crossbows
   308 | D:2      | Reached skill level 1 in Throwing
   308 | D:2      | Reached skill level 1 in Armour
   308 | D:2      | Reached skill level 1 in Shields
   308 | D:2      | Reached skill level 1 in Unarmed Combat
   308 | D:2      | Reached skill level 1 in Invocations
   308 | D:2      | Reached skill level 1 in Evocations
   308 | D:2      | Reached XP level 4. HP: 29/32 MP: 7/11
   378 | D:2      | Reached skill level 1 in Conjurations
   378 | D:2      | Reached skill level 1 in Hexes
   378 | D:2      | Reached skill level 1 in Charms
   378 | D:2      | Reached skill level 1 in Summonings
   378 | D:2      | Reached skill level 1 in Translocations
   378 | D:2      | Reached skill level 1 in Transmutations
   378 | D:2      | Reached skill level 1 in Fire Magic
   378 | D:2      | Reached skill level 1 in Ice Magic
   378 | D:2      | Reached skill level 1 in Air Magic
   378 | D:2      | Reached skill level 1 in Earth Magic
   378 | D:2      | Reached skill level 1 in Poison Magic
   378 | D:2      | Reached XP level 5. HP: 16/37 MP: 9/12
   388 | D:2      | You fall through a shaft!
   398 | D:3      | Quit the game

Skill      XL: |  1  2  3  4 |
---------------+-------------+-----
Spellcasting   | 5 |  5.1
Fighting       | 1 |  1.3
Short Blades   | 1 |  1.3
Long Blades    | 1 |  1.3
Axes           | 1 |  1.3
Maces & Flails | 1 |  1.3
Polearms       | 1 |  1.3
Staves         | 1 |  1.3
Slings         | 1 |  1.3
Bows           | 1 |  1.3
Crossbows      | 1 |  1.3
Throwing       | 1 |  1.3
Armour         | 1 |  1.3
Shields        | 1 |  1.3
Unarmed Combat | 1 |  1.3
Invocations    | 1 |  1.5
Evocations     | 1 |  1.3
Conjurations   | 1 |  1.1
Hexes          | 1 |  1.1
Charms         | 1 |  1.1
Summonings     | 1 |  1.1
Translocations | 1 |  1.1
Transmutations | 1 |  1.1
Fire Magic     | 1 |  1.1
Ice Magic      | 1 |  1.1
Air Magic      | 1 |  1.1
Earth Magic    | 1 |  1.1
Poison Magic   | 1 |  1.1
Dodging        | |  4.7
Stealth        | |  4.3
Necromancy     | |  7.1

Action                   |  1- 3 |  4- 6 || total
-------------------------+-------+-------++-------
Melee: Dagger            |    23 |       ||    23
       Bite              |     2 |     1 ||     3
       Morningstar       |       |     6 ||     6
 Cast: Pain              |    19 |     4 ||    23
       Regeneration      |     1 |     1 ||     2
Evoke: Wand              |     8 |     6 ||    14
  Use: Potion            |     1 |       ||     1
Armor: Robe              |     4 |     1 ||     5
Dodge: Dodged            |    25 |     5 ||    30
Block: Other             |       |     2 ||     2

Table legend:
 A = Turns spent in this place as a percentage of turns spent in the entire game.
 B = Non-inter-level travel turns spent in this place as a percentage of non-inter-level travel turns spent in the entire game.
 C = Inter-level travel turns spent in this place as a percentage of turns spent in this place.
 D = Turns resting spent in this place as a percentage of non-inter-level travel turns spent in this place.
 E = Turns spent auto-exploring this place as a percentage of non-inter-level travel turns spent in this place.
 F = Non-inter-level travel turns spent in this place divided by the number of levels of this place that you've seen.
                   A       B       C       D       E      F
               +-------+-------+-------+-------+-------+----------------------
         Total | 100.0 | 100.0 |   8.5 |   0.0 |   0.0 | 121.3
       Dungeon | 100.0 | 100.0 |   8.5 |   0.0 |   0.0 | 121.3
               +-------+-------+-------+-------+-------+----------------------

Table legend:
 A = Kills in this place as a percentage of kills in entire the game.
 B = Kills by you in this place as a percentage of kills by you in the entire game.
 C = Kills by friends in this place as a percentage of kills by friends in the entire game.
 D = Other kills in this place as a percentage of other kills in the entire game.
 E = Experience gained in this place as a percentage of experience gained in the entire game.
 F = Experience gained in this place divided by the number of levels of this place that you have seen.
                   A       B       C       D       E      F
               +-------+-------+-------+-------+-------+----------------------
         Total | 100.0 | 100.0 |   N/A |   N/A | 100.0 |  61.0
       Dungeon | 100.0 | 100.0 |   N/A |   N/A | 100.0 |  61.0
               +-------+-------+-------+-------+-------+----------------------

Vault maps used:
D:1:      evilmike_arrival_rings, hangedman_abyss_or_decor_lesser_grid,
          minmay_split_cup_small
D:2:      first_ration
D:3:      overflow_temple_1_default
